AoeStats
← gazza17

Nomad

517778017Analyzed
4v4 RM · 5d ago on Oct 31, 2026· 46m 34s· 8 players
Game mode
Random Map
Map size
231×231
Population
200
Speed
Normal
Resources
Standard
Victory
Conquest
Starting age
Dark Age
Ending age
Imperial Age
RankedLock teamsTeams togetherTeam positionsShared explorationLock speedFull tech treeHidden civsTurbo modeCheats
Victory
Defeat
🇲🇽 Inca · Mexico
948
+14
🇬🇧 Shu · United Kingdom
938
+15
🇦🇷 Huns · Argentina
910
+16
🇨🇦 Magyars · Canada
872
+34
vs
🇨🇿 Japanese · Czechia
971
-17
🇿🇦 Malay · South Africa
962
-18
🇧🇷 Italians · Brazil
859
-14
🇪🇸 Burgundians · Spain
844
-13
brian5631006
13:05 Feudal Age
15:07 Bloodlines
25:16 Castle Age
23:43 Double-Bit Axe
25:19 Light Cavalry
30:57 Scale Barding Armor
30:49 Loom
31:28 Husbandry
37:08 Chain Barding Armor
41:08 Imperial Age
40:49 Town Watch
42:49 Wheelbarrow
42:06 Hussar
43:32 Conscription
44:31 Plate Barding Armor
gazza17
5:13 Loom
13:12 Feudal Age
15:01 Horse Collar
18:08 Fletching
18:19 Padded Archer Armor
21:14 Castle Age
20:03 Double-Bit Axe
21:35 Crossbowman
22:17 Bodkin Arrow
22:38 Leather Archer Armor
27:16 Wheelbarrow
28:53 Ballistics
34:22 Stone Mining
34:23 Gold Mining
36:26 Hand Cart
37:05 Heated Shot
37:41 Bow Saw
37:35 Heavy Plow
38:47 Thumb Ring
42:23 Imperial Age
43:25 Bolt Magazine
43:27 Bracer
43:58 Ring Archer Armor
42:52 Arbalester
46:10 Chemistry
TUPAPICHULO
4:10 Loom
15:33 Feudal Age
23:25 Castle Age
22:43 Horse Collar
22:51 Double-Bit Axe
25:54 Bow Saw
26:08 Heavy Plow
28:47 Wheelbarrow
27:58 Town Watch
31:49 Scale Barding Armor
31:56 Forging
31:47 Scale Mail Armor
34:06 Chain Barding Armor
34:41 Iron Casting
35:19 Hand Cart
40:56 Padded Archer Armor
40:46 Fletching
41:12 Chain Mail Armor
43:50 Imperial Age
42:34 Bodkin Arrow
42:55 Leather Archer Armor
45:39 Parthian Tactics
45:11 Gold Mining
46:27 Two-Man Saw
45:25 Heavy Cavalry Archer
Rompe--Anos
4:10 Loom
22:02 Feudal Age
26:30 Castle Age
24:24 Champi Runner
26:33 Champi Warrior
28:29 Scale Mail Armor
30:40 Double-Bit Axe
30:40 Horse Collar
31:37 Squires
32:15 Fishing Lines
32:26 Arson
33:02 Chain Mail Armor
34:29 Heavy Plow
34:44 Bow Saw
34:34 Gold Mining
39:44 Imperial Age
39:23 Wheelbarrow
39:05 Forging
41:19 Gold Shaft Mining
40:45 Elite Champi Warrior
42:55 Conscription
43:10 Fabric Shields
44:36 Plate Mail Armor
s1d
17:48 Loom
23:55 Feudal Age
24:35 Town Watch
frankonil
8:38 Loom
16:48 Feudal Age
17:29 Wheelbarrow
19:32 Double-Bit Axe
22:22 Castle Age
20:06 Horse Collar
20:46 Scale Barding Armor
20:39 Stone Mining
20:42 Gold Mining
23:18 Gold Shaft Mining
22:47 Cavalier
23:32 Husbandry
30:57 Imperial Age
28:44 Town Watch
29:15 Fishing Lines
31:02 Chain Barding Armor
31:39 Bow Saw
31:40 Heavy Plow
PRDzBRD
3:48 Loom
14:27 Feudal Age
15:02 Fishing Lines
15:39 Double-Bit Axe
17:02 Wheelbarrow
16:12 Town Watch
18:32 Gold Mining
23:41 Castle Age
21:56 Forging
21:47 Scale Mail Armor
23:39 Stone Mining
24:00 Horse Collar
24:39 Chain Mail Armor
25:00 Iron Casting
23:48 Pikeman
24:28 Squires
24:14 Arson
25:12 Gold Shaft Mining
24:52 Gillnets
25:35 Heavy Plow
26:28 Hand Cart
26:19 Town Patrol
28:14 Bow Saw
31:27 Elite Skirmisher
32:40 Fletching
32:51 Padded Archer Armor
42:42 Imperial Age
45:07 Conscription
Zafar
2:57 Loom
13:23 Feudal Age
13:21 Double-Bit Axe
15:43 Fishing Lines
16:14 Man-at-Arms
16:42 Arson
17:10 Horse Collar
22:53 Fletching
23:03 Padded Archer Armor
24:57 Forging
28:02 Castle Age
Connection lost

Rejoining the realm…

Still unreachable

The connection could not be restored.

Session expired

The server has moved on; the page needs a fresh start.